 Dungeon Crawl Stone Soup version 0.27.1-1-g398f81649c (webtiles) character file.

Game seed: 17413678180217937284

19 diana the Magician (level 2, -1/22 HPs)
             Began as a Djinni Fire Elementalist on Sept 18, 2021.
             Slain by an endoplasm (3 damage)
             ... on level 1 of the Dungeon.
             The game lasted 00:01:21 (722 turns).

diana the Magician (Djinni Fire Elementalist)        Turns: 722, Time: 00:01:21

Health: -1/22      AC:  2    Str:  7    XL:     2   Next: 95%
Gold:   0          EV: 12    Int: 16    God:
                   SH:  0    Dex: 13

rFire    + + .     SeeInvis .   (no weapon)
rCold    x . .     Faith    .   (no shield)
rNeg     . . .     Spirit   .   a - +0 robe
rPois    ∞         Reflect  .   (no helmet)
rElec    .         Harm     .   (no cloak)
rCorr    .         Rampage  .   (no gloves)
Will     .....                  (boots unavailable)
Stlth    ++........             (no amulet)
HPRegen  0.07/turn              (no ring)
MPRegen  0.00/turn              (no ring)

@: flying
A: sickness immunity, fire resistance 2, cold vulnerability 1, float, innate
caster, hp casting, extra vitality 1
a: no special abilities


You were on level 1 of the Dungeon.
You visited 1 branch of the dungeon, and saw 1 of its levels.

Inventory:

Armour
 a - a +0 robe (worn)
Scrolls
 b - a scroll of enchant weapon {unknown}


   Skills:
 + Level 0.9 Fighting
 + Level 0.9 Armour
 + Level 2.6 Dodging
 - Level 1.5 Stealth
 + Level 2.6 Spellcasting


You couldn't memorise any spells.
You knew the following spells:

 Your Spells              Type           Power      Damage    Failure   Level
a - Foxfire               Conj/Fire      40%        2x1d6     7%          1
b - Conjure Flame         Conj/Fire      10%        6-21      21%         3
c - Inner Flame           Hex/Fire       10%        N/A       21%         3
d - Sticky Flame          Conj/Fire      10%        2d3       54%         4
e - Fireball              Conj/Fire      5%         3d5       88%         5
Your spell library was empty.

Dungeon Overview and Level Annotations

Branches:
Dungeon (1/15)

Altars:


Innate Abilities, Weirdness & Mutations

You are immune to sickness and miasma.
You are immune to poison.
Your flesh is very heat resistant. (rF++)
You are vulnerable to cold. (rC-)
You float through the air rather than walking.
You learn spells naturally, not from books.
Your magical power is your life essence.
You have superior vitality. (+4 HP)


Message History

You kill the frilled lizard!
You conjure some foxfire!
The foxfire hits the endoplasm.
The endoplasm is severely wounded.
The frilled lizard misses you.
The jackal bites you but does no damage.
A hobgoblin comes into view.
You conjure some foxfire!
The foxfire hits the jackal but does no damage.
The jackal barely misses you. The frilled lizard bites you.
The foxfire hits the frilled lizard.
You kill the frilled lizard!
You conjure some foxfire!
The foxfire hits the frilled lizard.
The frilled lizard is heavily wounded.
The foxfire hits the jackal.
You kill the jackal!
The frilled lizard barely misses you.
You conjure some foxfire!
The foxfire hits the frilled lizard.
You kill the frilled lizard!
The endoplasm freezes you.
You are frozen.
You feel a terrible chill! The frilled lizard bites you.
You are too injured to fight recklessly!
You are too injured to fight recklessly!
Unknown command.
You miss the frilled lizard.
The foxfire hits the frilled lizard.
You kill the frilled lizard!
The foxfire hits the frilled lizard.
You kill the frilled lizard!
The endoplasm freezes you.
You are frozen.
You feel a terrible chill!
Unknown command.
You closely miss the jackal.
The endoplasm splashes around in the water.
The jackal bites you.
* * * LOW HITPOINT WARNING * * *
You hit the frilled lizard.
The frilled lizard is heavily wounded.
The jackal closely misses you. The frilled lizard bites you.
* * * LOW HITPOINT WARNING * * *
The endoplasm hits you.
You die...

#.# #. #.# #. #####.#
#### .....# #######...
#..######.........
#.............###. ####
#.#######.....# #.
.#....#l### #.....###.
...≈≈gl@..# #.........
..≈≈≈≈Jh†.# #######.##
..≈≈≈≈≈...... ........#
..≈≈≈≈≈...#############
..≈≈≈≈≈...# ...≈≈≈..###
.......## #....##


You could see an endoplasm, a jackal, a hobgoblin and 2 frilled lizards.

Vanquished Creatures
  A dart slug (D:1)
  A ball python (D:1)
  A goblin (D:1)
  A hobgoblin (D:1)
  5 jackals (D:1)
  3 bats (D:1)
  5 frilled lizards (D:1)
17 creatures vanquished.

Vanquished Creatures (others)
  32 foxfires (D:1)
32 creatures vanquished.

Grand Total: 49 creatures vanquished

Notes
Turn   | Place    | Note
-------+----------+-------------------------------------------
     0 | D:1      | diana the Djinni Fire Elementalist began the quest for the
                  | Orb.
     0 | D:1      | Reached XP level 1. HP: 15/15 MP: 0/0
   381 | D:1      | Reached XP level 2. HP: 11/22 MP: 0/0
   722 | D:1      | Slain by an endoplasm

Illustrated notes

Levels and vault maps discovered:
D:1:      roderic_lyre, layout_loops_ring, minmay_lizard_pond

Action                   || total
-------------------------++-------
Melee: Unarmed           ||    12
 Cast: Foxfire           ||    24
Armor: Robe              ||     8
Dodge: Dodged            ||    25
